 Dungeon Crawl Stone Soup version 0.21.1-68-g103a7afc0a (webtiles) character file.

33 Raybro228 the Scratcher (level 3, 0/15 HPs)
             Began as a Felid Transmuter on Aug 3, 2018.
             Slain by a frilled lizard (2 damage)
             ... on level 3 of the Dungeon.
             The game lasted 00:11:23 (2192 turns).

Raybro228 the Scratcher (Felid Transmuter)          Turns: 2192, Time: 00:11:23

Health: 0/15       AC:  1    Str:  6    XL:     3   Next: 12%
Magic:  4/7        EV: 18    Int: 14    God:
Gold:   114        SH:  0    Dex: 17    Spells: 3/7 levels left
                                        Lives:  0   Deaths: 1

rFire    . . .     SeeInvis +     - Unarmed
rCold    . . .     Gourm    .   (shield unavailable)
rNeg     + . .     Faith    .   (armour unavailable)
rPois    .         Spirit   .   (helmet unavailable)
rElec    .         Reflect  .   (cloak unavailable)
rCorr    .         Harm     .   (gloves unavailable)
MR       .....                  (boots unavailable)
Stlth    ++........             (no amulet)
HPRegen  0.05/turn              d - ring of positive energy
MPRegen  0.10/turn              (no ring)

@: appendage, quick
A: very small, no armour, no weapons or thrown items, stealth, claws 1, fangs 3,
horns 2, see invisible, carnivore, speed 1, shaggy fur 1, slow metabolism 1,
sharp paws
a: End Transformation


You were on level 3 of the Dungeon.
You were not hungry.
You had grown temporary horns.
You visited 1 branch of the dungeon, and saw 3 of its levels.

You collected 114 gold pieces.

Inventory:

Missiles
 a - 12 arrows
Jewellery
 d - a ring of positive energy (left paw)
Scrolls
 f - 3 scrolls of identify
 g - a scroll of fog {unknown}
 k - a scroll of remove curse {unknown}
 m - a scroll of magic mapping {unknown}
 p - 2 scrolls of teleportation {unknown}
Potions
 e - a potion of mutation {unknown}
 h - a potion of flight
 i - a potion of ambrosia {unknown}
 j - 3 potions of lignification {unknown}
 l - a potion of curing {unknown}
 n - a potion of agility {unknown}
 o - a potion of heal wounds {unknown}
Books
 b - a book of Changes

   Spells                             Type                      Level
   a - Beastly Appendage              Transmutation                1
   b - Sticks to Snakes               Transmutation                2
   c - Spider Form                    Transmutation/Poison         3
   d - Ice Form                       Ice/Transmutation            4
   e - Blade Hands                    Transmutation                5
Comestibles
 c - a ration


   Skills:
 - Level 1.0 Fighting
 + Level 3.0 Dodging
 + Level 4.1 Unarmed Combat
 + Level 2.5 Spellcasting
 + Level 2.8 Transmutations


You had 3 spell levels left.
You knew the following spells:

 Your Spells              Type           Power        Failure   Level  Hunger
a - Beastly Appendage     Tmut           #.....       7%          1    #......
b - Spider Form           Tmut/Pois      #.........   36%         3    ###....


Dungeon Overview and Level Annotations

Branches:
Dungeon (3/15)

Altars:
Dithmenos

Annotations:
D:3 Grinder


Innate Abilities, Weirdness & Mutations

You cannot wear armour.
You are incapable of wielding weapons or throwing items.
Your paws allow you to move quietly. (Stealth)
You have sharp claws.
You have razor-sharp teeth.
You have supernaturally acute eyesight. (SInv)
You are carnivorous and can eat meat at any time.
You cover ground quickly.
You are covered in fur. (AC +1)
You have a slow metabolism.
Your sharp claws are effective at attacking unaware monsters.
You have a pair of horns on your head.


Message History

Ouch! That really hurt!
* * * LOW HITPOINT WARNING * * *
You writhe in agony.
* * * LOW HITPOINT WARNING * * *
Your horns disappear.
You see here a club.
Grinder gestures at you. Pain shoots through your body!
* * * LOW HITPOINT WARNING * * *
Grinder blinks!
Grinder says, "You look like you could use a good racking."
Grinder blinks!
The frilled lizard is too close now for your liking.
The frilled lizard hisses angrily.
You see here 8 gold pieces.
You now have 114 gold pieces (gained 8).
Casting: Beastly Appendage
Confirm with . or Enter, or press ? or * to list all spells.
You grow a pair of large bovine horns.
The frilled lizard bites you.
You die...

.##.#s## #...†#........#
###.#..###.#####.#######
###.##§.#..## #.#
............# #†#
.##.##...#..# #.#
..#.##.....## ##.#
#...(......# ##..########
..b...####.###...........
.##.#. #......@l...##+#
#.#. #####.......# # #.
#.......+ #.......#
#.......# #.#####... ..#
#### #.##


You could see a frilled lizard.

Vanquished Creatures
  An adder (D:3)
  An ooze (D:1)
  2 worms (D:2)
  3 dart slugs
  2 leopard geckos (D:1)
  2 giant cockroaches
  10 goblins
  5 hobgoblins (D:1)
  2 jackals (D:1)
  A ball python (D:2)
  5 bats
  8 frilled lizards
  A kobold (D:1)
  6 rats
49 creatures vanquished.

Notes
Turn   | Place    | Note
-------+----------+-------------------------------------------
     0 | D:1      | Raybro228 the Felid Transmuter began the quest for the Orb.
     0 | D:1      | Reached XP level 1. HP: 9/9 MP: 4/4
   137 | D:1      | Reached XP level 2. HP: 8/12 MP: 4/6
   655 | D:1      | Reached XP level 3. HP: 2/15 MP: 5/7
  1329 | D:2      | Learned a level 3 spell: Spider Form
  1337 | D:2      | Reached skill level 4 in Unarmed Combat
  1532 | D:2      | Found a shadowy altar of Dithmenos.
  2111 | D:3      | Noticed Grinder
  2131 | D:3      | Reached XP level 4. HP: 4/19 MP: 3/8
  2137 | D:3      | Succumbed to an adder's poison
  2138 | D:3      | Reached XP level 3. HP: 0/15 MP: 1/7
  2192 | D:3      | Slain by a frilled lizard

Skill      XL: |  1  2  3 |
---------------+----------+-----
Dodging        | 3 |  3.0
Unarmed Combat | 4 |  4.1
Fighting       | |  1.0
Spellcasting   | |  2.5
Transmutations | |  2.8

Action                   |  1- 3 |  4- 6 || total
-------------------------+-------+-------++-------
Melee: Unarmed           |   136 |       ||   136
       Headbutt          |    12 |       ||    12
       Bite              |    10 |       ||    10
 Cast: Beastly Appendage |    25 |       ||    25
       Spider Form       |     5 |     1 ||     6
  Use: Scroll            |     1 |       ||     1
       Potion            |     2 |       ||     2
 Stab: Sleeping          |     5 |       ||     5
  Eat: Chunk             |     1 |       ||     1
       Ration            |       |     1 ||     1
Armor: Skin              |    10 |       ||    10
Dodge: Dodged            |   127 |       ||   127
